 Dungeon Crawl Stone Soup version 0.16.2-12-gd0ad4c3 (webtiles) character file.

380 kroki the Slicer (level 7, -3/61 HPs)
             Began as a Kobold Berserker on Sept 26, 2015.
             Was an Elder of Trog.
             Killed by divine providence
             ... invoked by an orc priest
              (16 damage)
             ... on level 4 of the Dungeon.
             The game lasted 00:04:06 (3359 turns).

kroki the Slicer (Kobold Berserker)                 Turns: 3359, Time: 00:04:06

Health: -3/61      AC:  8    Str: 20    XL:     7   Next: 5%
Magic:  7/7        EV: 11    Int:  5    God:    Trog [****..]
Gold:   162        SH:  0    Dex: 18    Spells: 0 memorised, 6 levels left

rFire  . . .     SeeInvis .     a - +1 short sword
rCold  . . .     Clarity  .     n - +0 chain mail
rNeg   . . .     SustAb   .     (no shield)
rPois  .         Gourm    .     (no helmet)
rElec  .         Spirit   .     (no cloak)
rCorr  .         Warding  .     (no gloves)
rMut   .         Stasis   .     (no boots)
MR     .....                    (no amulet)
Stlth  ..........               (no ring)
                                (no ring)

@: berserking, very quick, not resistant to hostile enchantments, extremely
unstealthy
A: carnivore 3
a: Burn Spellbooks, Berserk, Trog's Hand, Brothers in Arms, Renounce Religion


You were on level 4 of the Dungeon.
You worshipped Trog.
Trog was greatly pleased with you.
You were not hungry.

You visited 1 branch of the dungeon, and saw 4 of its levels.

You collected 162 gold pieces.

Inventory:

Hand weapons
 a - a +1 short sword (weapon)
Armour
 n - a +0 chain mail (worn)
   (You found it on level 2 of the Dungeon)
Scrolls
 f - 2 scrolls of teleportation
Potions
 b - a potion of cure mutation {unknown}
 e - 3 potions of curing
 g - a potion of ambrosia {!q}
 h - a potion of magic
 j - 2 potions of resistance
 k - a potion of brilliance
 m - a potion of heal wounds {unknown}
Comestibles
 c - 3 meat rations {@e2}
 i - 2 beef jerkies


   Skills:
 + Level 3.5 Fighting
 + Level 9.2 Short Blades
 - Level 1.5 Armour
 * Level 3.2 Dodging


You had 6 spell levels left.
You didn't know any spells.

Dungeon Overview and Level Annotations

Branches:
Dungeon (4/15)
 Temple: D:4-7

Altars:
Dithmenos
Okawaru
Ru


Innate Abilities, Weirdness & Mutations

You are small and have problems with some larger weapons.
You are carnivorous and can eat meat at any time.


Message History

You finish putting on your +0 chain mail.
You regained 2 hp, and now have 20/37 hp.
Unknown command.
Drop what? 13/52 slots (_ for help) (? for menu, Esc to quit)
Okay, then.
Unknown command.
Drop what? 13/52 slots (_ for help) (? for menu, Esc to quit)
You drop a +0 robe.
d - a scroll labeled PNUAJI TESUI Read which item? (? for menu, Esc to quit)
As you read the scroll labeled PNUAJI TESUI, it crumbles to dust.
It is a scroll of enchant weapon.
Enchant which weapon? (? for menu, Esc to quit)
Your +0 short sword glows red for a moment.
Unknown command.
You start resting.
You regained 12 hp, and now have 32/37 hp.
Unknown command.
You start resting.
Health restored: 37
Things that are here:
a +0 robe; an uncursed ring of loudness {Stlth-}; a short sword
There is a stone staircase leading down here.
An orc comes into view. It is wielding a dagger.
The orc shouts!
Unknown command.
An orc is nearby!
An orc is nearby!
An orc wizard comes into view. It is wielding a dagger.
There are monsters nearby!
The orc wizard shouts!
The orc hits you but does no damage.
An orc comes into view. It is wielding a mace.
There are monsters nearby!
The orc shouts!
You puncture the orc! The orc barely misses you.
There are monsters nearby!
You hit the orc but do no damage.
The orc wizard casts a spell.
The orc wizard seems to speed up.
An orc priest comes into view. It is wielding a mace.
You barely miss the orc.
The orc priest shouts!
The orc wizard casts a spell.
The orc wizard blinks!
The orc completely misses you.
You hit the orc.
You kill the orc!
Trog accepts your kill.
You can now call in reinforcements.
An orc and an orc priest come into view.
The orc shouts!
The orc priest shouts!
The orc wizard closely misses you.
An orc and an ogre come into view.
Things that are here:
a dagger; a runed ring mail; an orc corpse The ogre shouts!
The orc wizard barely misses you.
The orc priest mumbles some strange prayers to Beogh against you.
Pain shoots through your body!
The orc wizard hits you but does no damage.
You take 11 damage, and have 26/37 hp.
MASSIVE DAMAGE!!
A red film seems to cover your vision as you go berserk!
You feel yourself moving faster!
You feel mighty!
You feel somewhat more hungry.
The orc wizard gestures at you while chanting.
The magic dart hits you!
An orc comes into view. It is wielding a club.
You now have 37/55 hp.
You are too injured to fight recklessly!
Unknown command.
Your chain mail prevents you from hitting the orc.
The orc wizard casts a spell at you. You resist with some effort.
The orc priest misses you. The orc barely misses you.
You closely miss the orc priest.
The orc priest mumbles some strange prayers to Beogh against you.
Something smites you! The orc wizard barely misses you.
You take 15 damage, and have 22/55 hp.
MASSIVE DAMAGE!!
You hit the orc priest. You puncture the orc priest! The orc wizard misses you.
The orc priest hits you with a mace. The orc barely misses you.
The orc priest hits you from afar with a trident.
You take 5 damage, and have 17/55 hp.
You hit the orc priest.
You kill the orc priest!
Trog accepts your kill.
Your Dodging skill increases to level 3!
You have reached level 7!
MP restored: 7 You barely miss the orc wizard.
The orc wizard hits you but does no damage.
You hit the orc wizard. The orc hits you with a mace.
* * * LOW HITPOINT WARNING * * *
The orc wizard points at you and mumbles some strange words.
You resist with some effort.
The orc priest mumbles some strange prayers to Beogh against you.
Something smites you!
You die...

###### #...# ##....#
##..# (..##.# ##.##
...##.# #..# .#.##.#
##..# ......###...# #
.#.#...>....### .##
..............####O..##
.#.#.#.#.......)@oo.o.#
.............#..ooo....#
.#.#.#.#....####.......#
.........)..# #...####.
.#.......#..## #####
...........(.#
.#.#.....#.#.###
..#..........(.#
.#.#.#...#.#.#.###


You could see an ogre, an orc priest, an orc wizard and 4 orcs.

Vanquished Creatures
  The ghost of Britaniac the Conjurer, an average HEFE (D:4)
  An orc priest (D:4)
  An orc wizard (D:4)
  A worker ant (D:4)
  3 adders
  A giant mite (D:3)
  2 worms (D:3)
  A giant gecko (D:1)
  7 orcs
  3 ball pythons
  10 bats
  6 giant cockroaches
  6 hobgoblins
  14 jackals
  2 quokkas (D:3)
  4 giant newts
  13 goblins
  7 kobolds
  5 rats
88 creatures vanquished.

Notes
Turn   | Place    | Note
--------------------------------------------------------------
     0 | D:1      | kroki, the Kobold Berserker, began the quest for the Orb.
     0 | D:1      | Reached XP level 1. HP: 14/14 MP: 1/1
   187 | D:1      | Reached XP level 2. HP: 10/19 MP: 2/2
   478 | D:1      | Reached skill level 5 in Short Blades
  1165 | D:2      | Reached XP level 3. HP: 23/23 MP: 3/3
  1180 | D:2      | Acquired Trog's second power
  1248 | D:2      | Found a shadowy altar of Dithmenos.
  1336 | D:2      | Reached skill level 6 in Short Blades
  1344 | D:2      | Reached XP level 4. HP: 17/28 MP: 4/4
  1355 | D:2      | HP: 6/28 [jackal (2)]
  1362 | D:2      | Found an iron altar of Okawaru.
  1500 | D:2      | Found a sacrificial altar of Ru.
  2130 | D:3      | Reached skill level 7 in Short Blades
  2130 | D:3      | Reached XP level 5. HP: 24/32 MP: 5/5
  2693 | D:4      | Noticed Britaniac's ghost (average HEFE)
  2701 | D:4      | HP: 8/48 [Britaniac's ghost/flame tongue (13)]
  2704 | D:4      | Killed Britaniac's ghost
  2704 | D:4      | Reached skill level 9 in Short Blades
  2704 | D:4      | Reached XP level 6. HP: 9/37 MP: 6/6
  3050 | D:4      | HP: 9/37 [poisoned by a worker ant]
  3055 | D:4      | HP: 6/37 [poisoned by a worker ant]
  3060 | D:4      | HP: 4/37 [poisoned by a worker ant]
  3066 | D:4      | HP: 6/37 [poisoned by a worker ant]
  3072 | D:4      | HP: 7/37 [orc/club (5)]
  3349 | D:4      | Acquired Trog's third power
  3351 | D:4      | Noticed an ogre
  3357 | D:4      | Reached skill level 3 in Dodging
  3357 | D:4      | Reached XP level 7. HP: 18/41 MP: 7/7
  3359 | D:4      | HP: 13/61 [orc/mace (5)]
  3359 | D:4      | Killed from afar by an orc priest

Action                   |  1- 3 |  4- 6 |  7- 9 || total
-------------------------+-------+-------+-------++-------
Melee: Short sword       |   110 |   248 |     2 ||   360
Invok: Berserk           |     2 |     5 |       ||     7
       Trog's Hand       |       |     2 |       ||     2
  Use: Scroll            |     6 |     5 |       ||    11
 Stab: Sleeping          |     1 |       |       ||     1
  Eat: Chunk             |     4 |    10 |       ||    14
       Beef jerky        |       |     1 |       ||     1

Vault maps used:
D:1:      dpeg_arrival_snail
D:2:      okawaru_trees_1, grunt_dithmenos_smoke, dk_vineyard_3,
          nicolae_ru_the_path_less_chosen
D:3:      minmay_joined_circles
D:4:      tgw_trog, hangedman_decor_riveting, uniq_eustachio

Table legend:
 A = Turns spent in this place as a percentage of turns spent in the entire game.
 B = Non-inter-level travel turns spent in this place as a percentage of non-inter-level travel turns spent in the entire game.
 C = Inter-level travel turns spent in this place as a percentage of turns spent in this place.
 D = Turns resting spent in this place as a percentage of non-inter-level travel turns spent in this place.
 E = Turns spent auto-exploring this place as a percentage of non-inter-level travel turns spent in this place.
 F = Non-inter-level travel turns spent in this place divided by the number of levels of this place that you've seen.
                   A       B       C       D       E      F
               +-------+-------+-------+-------+-------+----------------------
         Total | 100.0 | 100.0 |   0.4 |   4.4 |   7.7 | 306.5
       Dungeon | 100.0 | 100.0 |   0.4 |   4.4 |   7.7 | 306.5
               +-------+-------+-------+-------+-------+----------------------

Table legend:
 A = Kills in this place as a percentage of kills in entire the game.
 B = Kills by you in this place as a percentage of kills by you in the entire game.
 C = Kills by friends in this place as a percentage of kills by friends in the entire game.
 D = Other kills in this place as a percentage of other kills in the entire game.
 E = Experience gained in this place as a percentage of experience gained in the entire game.
 F = Experience gained in this place divided by the number of levels of this place that you have seen.
                   A       B       C       D       E      F
               +-------+-------+-------+-------+-------+----------------------
         Total | 100.0 | 100.0 |  -nan |  -nan | 100.0 | 136.0
       Dungeon | 100.0 | 100.0 |  -nan |  -nan | 100.0 | 136.0
               +-------+-------+-------+-------+-------+----------------------
